 Seeded DCSS version 0.30-a0-737-gf23d94013f (webtiles) character file.

Game seed: 5571445538074329676 (custom seed)

74 retardedninja the Trooper (level 4, -10/40 HPs)
             Began as a Hill Orc Fighter on Feb 1, 2023.
             Mangled by a large abomination (24 damage)
             ... on level 1 of the Abyss.
             The game lasted 00:01:44 (1127 turns).

retardedninja the Trooper (Hill Orc Fighter)        Turns: 1127, Time: 00:01:45

Health: -10/40     AC:  7    Str: 20    XL:     4   Next: 30%
Magic:  4/4        EV:  9    Int:  8    God:
Gold:   55         SH:  4    Dex: 10    Spells: 3/3 levels left

rFire   . . .      SeeInvis .    a - +0 war axe
rCold   . . .      Faith    .    c - +0 buckler
rNeg    . . .      Spirit   .    b - +0 scale mail
rPois   .          Reflect  .    (no helmet)
rElec   .          Harm     .    (no cloak)
rCorr   .          Rampage  .    (no gloves)
Will    .....                    (no boots) Stlth
                                 (no amulet)
HPRegen 0.26/turn                (no ring)
MPRegen 0.09/turn                (no ring)

@: no status effects
A: no striking features
a: no special abilities


You were on level 1 of the Abyss.
You visited 1 branch of the dungeon, and saw 3 of its levels.
You visited the Abyss 1 time.

You collected 55 gold pieces.

Inventory:

Hand Weapons
 a - a +0 war axe (weapon)
Missiles
 h - 6 silver javelins (quivered)
Armour
 b - a +0 scale mail (worn)
 c - a +0 buckler (worn)
Scrolls
 e - a scroll of identify {unknown}
 g - a scroll of vulnerability {unknown}
 i - a scroll of magic mapping {unknown}
 j - a scroll of fog
 l - 2 scrolls of fear {unknown}
 m - a scroll of amnesia {unknown}
 o - a scroll of immolation {unknown}
 p - a scroll of enchant armour {unknown}
Potions
 f - 2 potions of flight {unknown}
 k - a potion of ambrosia {unknown}
 q - a potion of haste


   Skills:
 + Level 4.2 Fighting
 * Level 4.0 Axes
 + Level 3.9 Armour
 + Level 3.9 Shields


You had 3 spell levels left.
You didn't know any spells.
Your spell library contained the following spells:

 Spells                   Type           Power      Damage    Failure   Level
 Cigotuvi's Dreadful Rot  Necr/Pois/Air  0%         N/A       94%         2
 Poisonous Vapours        Pois/Air       0%         N/A       94%         2
 Mephitic Cloud           Conj/Pois/Air  0%         N/A       99%         3
 Vhi's Electric Charge    Tloc/Air       0%         N/A       99%         3
 Arcjolt                  Conj/Air       0%         1d10      100%        5
 Maxwell's Capacitive Co  Air            0%         ∞         100%        8


Dungeon Overview and Level Annotations

Branches:
Dungeon (2/15)

Altars:


Message History

The quokka bites you but does no damage.
A quokka is nearby!
You slash the quokka!
You kill the quokka!
Key pressed, stopping explore.
No target in view!
An orc comes into view.
It is wielding a +2 war axe of distortion.
The orc shouts!
The orc throws a javelin.
The javelin barely misses you.
You closely miss the orc. The orc barely misses you.
The orc hits you but does no damage. Space warps horribly around you!
You hit the orc.
The orc is severely wounded.
The orc barely misses you.
You hit the orc but do no damage.
The orc is severely wounded.
The orc hits you with a +2 war axe of distortion.
You are cast into the Abyss!
This branch contains the abyssal rune of Zot.
A large abomination comes into view.
A large abomination is nearby!
A raiju comes into view.
The raiju barks!
The raiju bursts into living lightning!
The living lightning hits you!
The raiju blinks! x2
The raiju attacks as you move away! The raiju barely misses you.
The raiju bursts into living lightning!
The living lightning misses you.
The raiju blinks!
The raiju bursts into living lightning!
The living lightning hits you!
* * * LOW HITPOINT WARNING * * *
The raiju blinks!
You block the raiju's attack.
You closely miss the raiju. You hit the large abomination.
You block the large abomination's attack.
The raiju bursts into living lightning!
The living lightning misses you.
The raiju blinks!
The large abomination hits you!!
Ouch! That really hurt!
You die...

. ...# #. .#. ##
.#.. ..#..## ....#
..#.#.#
#..###.#...## ..
#....h........#
..##.........##..#
...............#
.......@X#..#...
..#...........###
#####.........#...#
.................#
..#..........##
#.#....#......#
#.........#.#
#..##..#..#..#
##....##...# .


You could see a large abomination and a raiju.

Vanquished Creatures
  An orc wizard (D:4)
  7 orcs (D:4)
  4 ball pythons (D:1)
  4 endoplasms (D:1)
  A giant cockroach (D:1)
  4 goblins
  2 hobgoblins
  6 jackals (D:1)
  3 quokkas
  A frilled lizard (D:1)
  2 kobolds
  5 rats
40 creatures vanquished.

Notes
Turn   | Place    | Note
-------+----------+-------------------------------------------
     0 | D:1      | retardedninja the Hill Orc Fighter began the quest for the
                  | Orb.
     0 | D:1      | Reached XP level 1. HP: 19/19 MP: 1/1
   116 | D:1      | Reached XP level 2. HP: 26/27 MP: 2/2
   599 | D:1      | Reached XP level 3. HP: 33/33 MP: 3/3
   699 | D:1      | Found a faded altar of an unknown god.
   856 | D:2      | You fall into a shaft and drop 2 floors!
   878 | D:4      | Reached XP level 4. HP: 9/40 MP: 4/4
  1094 | Abyss:1  | Cast into level 1 of the Abyss (orc)
  1113 | Abyss:1  | Noticed a large abomination
  1115 | Abyss:1  | Noticed a raiju
  1127 | Abyss:1  | Mangled by a large abomination

Illustrated notes

Levels and vault maps discovered:
D:1:      minmay_arrival_glassed_features, layout_loops_ring,
          dreamdust_ecumenical_altar_hidden_monk_grotto, minmay_octomino_e4
D:2:      layout_basic
D:4:      layout_basic, lemuel_round_altar, minmay_misc_feat_encased,
          uniq_eustachio
Abyss:1:  base:
Sewer

Skill      XL: |  1  2  3 |
---------------+----------+-----
Axes           | 3 4 |  4.0
Fighting       | 4 |  4.2
Armour         | |  3.9
Shields        | |  3.9

Action                     |  1- 3 |  4- 6 || total
---------------------------+-------+-------++-------
  Melee: War axe           |    79 |    23 ||   102
  Throw: Javelin           |     6 |       ||     6
    Use: Scroll            |     2 |       ||     2
         Potion            |     2 |       ||     2
 Armour: Scale mail        |    35 |     7 ||    42
  Dodge: Dodged            |    39 |    16 ||    55
  Block: Buckler           |    20 |     4 ||    24

Table legend: (Time is in decaauts)
 A = Elapsed time spent in this place.
 B = Non-inter-level travel time spent in this place.
 C = Inter-level travel time spent in this place.
 D = Time resting spent in this place.
 E = Time spent auto-exploring this place.
 F = Levels seen in this place.
 G = Mean time per level.
                   A        B        C        D        E       F      G
               +--------+--------+--------+--------+--------+-----+--------+
         Total |   1147 |   1075 |     72 |     20 |    766 |   4 |  286.8 |
       Dungeon |   1114 |   1042 |     72 |     20 |    755 |   3 |  371.3 |
         Abyss |     33 |     33 |      0 |      0 |     11 |   1 |   33.0 |
               +--------+--------+--------+--------+--------+-----+--------+

Top non-repeatable levels by time:
     D:1: 790 daAuts
     D:4: 229 daAuts
     D:2: 94 daAuts
 Abyss:1: 33 daAuts
